 Dungeon Crawl Stone Soup version 0.29-a0-721-g7f417c9bbb (webtiles) character file.

Game seed: 10042873505872914570

1085 shukka the Conjurer (level 8, -1/41 HPs)
             Began as a Tengu Fire Elementalist on June 27, 2022.
             Slain by Pikel
             ... wielding a +1 whip of freezing
              (4 damage)
             ... on level 5 of the Dungeon.
             The game lasted 00:34:10 (4612 turns).

shukka the Conjurer (Tengu Fire Elementalist)       Turns: 4612, Time: 00:34:11

Health: -1/41      AC: 12    Str:  8    XL:     8   Next: 30%
Magic:  2/16       EV: 12    Int: 17    God:
Gold:   217        SH:  0    Dex: 16    Spells: 10/16 levels left

rFire   . . .      SeeInvis .   p - +1 short sword (venom)
rCold   . . .      Faith    .   (no shield)
rNeg    . . .      Spirit   .   A - +3 ring mail
rPois   .          Reflect  .   (helmet restricted)
rElec   .          Harm     .   (no cloak)
rCorr   .          Rampage  .   (no gloves)
Will    .....                   (boots unavailable)
Stlth   +.........              (no amulet)
HPRegen 0.13/turn               r - +4 ring of protection
MPRegen 0.15/turn               (no ring)

@: flying quickly and evasively, quick
A: beak, talons 3, nimble flight
a: no special abilities


You were on level 5 of the Dungeon.
You visited 1 branch of the dungeon, and saw 5 of its levels.
You also visited: Sewer.

You collected 217 gold pieces.

Inventory:

Hand Weapons
 p - a +1 short sword of venom (weapon)
 x - a +0 rapier
 y - a +0 sling
 D - a +1 whip of electrocution
Missiles
 f - 42 stones
 C - 19 poisoned darts
Armour
 a - a +0 robe
 A - a +3 ring mail (worn)
Jewellery
 r - a +4 ring of protection (left hand)
Scrolls
 c - 10 scrolls of identify {unknown}
 d - 3 scrolls of amnesia {unknown}
 g - a scroll of enchant weapon {unknown}
 h - 2 scrolls of immolation {unknown}
 i - 3 scrolls of teleportation {unknown}
 j - a scroll of noise {unknown}
 m - a scroll of fog {unknown}
 n - 2 scrolls of blinking {unknown}
 s - 2 scrolls of brand weapon {unknown}
 t - a scroll of torment {unknown}
 v - a scroll of enchant armour {unknown}
 w - a scroll of magic mapping {unknown}
 H - a scroll of fear {unknown}
 I - a scroll of poison {unknown}
Potions
 b - a potion of magic
 e - 2 potions of lignification {unknown}
 k - 3 potions of mutation {unknown}
 l - 5 potions of heal wounds {unknown}
 o - a potion of resistance
 q - 2 potions of ambrosia {unknown}
 u - 2 potions of degeneration {unknown}
 z - 3 potions of brilliance {unknown}
 B - 2 potions of curing {unknown}
 E - a potion of invisibility {unknown}
 F - a potion of haste {unknown}


   Skills:
 + Level 4.7 Short Blades
 - Level 2.1 Dodging
 - Level 2.0 Stealth
 + Level 4.7 Spellcasting
 + Level 6.3 Conjurations
 + Level 6.2 Fire Magic


You had 10 spell levels left.
You knew the following spells:

 Your Spells              Type           Power      Damage    Failure   Level
a - Foxfire               Conj/Fire      100%       2x1d9     3%          1
b - Scorch                Fire           50%        2d7       5%          2
c - Conjure Flame         Conj/Fire      25%        6-21      11%         3

Your spell library contained the following spells:

 Spells                   Type           Power      Damage    Failure   Level
 Flame Wave               Conj/Fire      25%        2d7       34%         4
 Inner Flame              Hex/Fire       14%        N/A       36%         3
 Freeze                   Ice            12%        1d4       41%         1
 Hailstorm                Conj/Ice       14%        3d5       77%         4
 Confusing Touch          Hex            3%         N/A       80%         3
 Frozen Ramparts          Ice            6%         1d2       80%         3
 Yara's Violent Unravell  Hex/Tmut       1%         3d3       100%        5
 Enfeeble                 Hex            1%         N/A       100%        7


Dungeon Overview and Level Annotations

Branches:
Dungeon (5/15)              Sewer (visited)
 Temple: D:4-7

Altars:
Xom

Shops:
D:2 !   D:5 *

Annotations:
D:4 Dowan, Duvessa
D:5 Pikel, Prince Ribbit


Innate Abilities, Weirdness & Mutations

You have a beak for a mouth.
You have claws for feet.
Your magical nature lets you fly swiftly and evasively.


Message History

The ice beast is heavily wounded.
The ice beast hits you but does no damage.
Pikel, Merchant of Souls comes into view.
He is wielding a +1 whip of freezing and carrying a wand of digging (2).
Press: ? - help, v - describe, . - travel
Here: an ice beast (heavily wounded)
The floor, spattered with blood.
Casting: Foxfire (safe; 3% risk of failure)
Confirm with . or Enter, or press ? or * to list all spells.
You conjure some foxfire!
Pikel shouts!
The ice beast closely misses you.
The foxfire hits the lemure.
The lemure is lightly wounded.
The foxfire hits the lemure.
The lemure is lightly wounded.
The ice beast hits you but does no damage.
The lemure hits you but does no damage.
Casting: Foxfire (safe; 3% risk of failure)
Confirm with . or Enter, or press ? or * to list all spells.
You conjure some foxfire!
The lemure hits you but does no damage. The ice beast barely misses you.
The foxfire hits the lemure but does no damage.
The lemure is lightly wounded.
The foxfire hits the ice beast but does no damage.
The ice beast is heavily wounded.
The ice beast hits you but does no damage.
Casting: Foxfire (safe; 3% risk of failure)
Confirm with . or Enter, or press ? or * to list all spells.
You conjure some foxfire!
The lemure closely misses you. The ice beast hits you.
The ice beast freezes you!
The foxfire hits Prince Ribbit!
Prince Ribbit is lightly wounded.
The foxfire hits Prince Ribbit!
Prince Ribbit is heavily wounded.
The ice beast hits you but does no damage.
The lemure misses you. Prince Ribbit hits you!
* * * LOW HITPOINT WARNING * * *
Prince Ribbit closely misses you.
Pikel hits you with a +1 whip of freezing.
You die...

.. ...##
##.#.#######
#..........#
#..........#
#.#######..........#
#.......)..........#
#.#.#<).[.5K.......#
#...#.@Y.......#
#.#.#.F5.......#
#.#.#.##########
#.#<#.# #.###.# #..
..# ... ... ...


You could see Prince Ribbit, Pikel, an ice beast and 2 lemures.

Vanquished Creatures
  Grinder (D:3)
  Sigmund (D:3)
  Pargi (D:4)
  A black bear (D:4)
  2 lemures (D:5)
  A necrophage (D:4)
  A scorpion (D:4)
  An orc priest (D:5)
  A gnoll shaman (D:4)
  2 iguanas (D:4)
  4 orc wizards
  Robin (D:4)
  5 gnolls (D:4)
  7 adders
  3 dart slugs
  3 orcs
  7 ball pythons
  8 endoplasms
  4 giant cockroaches
  15 goblins
  8 hobgoblins
  4 jackals
  6 quokkas
  3 bats
  3 frilled lizards
  24 kobolds
  6 rats
123 creatures vanquished.

Vanquished Creatures (collateral kills)
  A foxfire (Sewer)
1 creature vanquished.

Vanquished Creatures (others)
  An endoplasm (D:1)
  281 foxfires
  22 plants
304 creatures vanquished.

Grand Total: 428 creatures vanquished

Notes
Turn   | Place    | Note
-------+----------+-------------------------------------------
     0 | D:1      | shukka the Tengu Fire Elementalist began the quest for the
                  | Orb.
     0 | D:1      | Reached XP level 1. HP: 10/10 MP: 4/4
   116 | D:1      | Reached XP level 2. HP: 15/15 MP: 1/6
   493 | D:1      | Found a faded altar of an unknown god.
   688 | D:1      | Reached XP level 3. HP: 16/19 MP: 7/7
  1211 | D:2      | Learned a level 2 spell: Scorch
  1215 | D:2      | Learned a level 3 spell: Conjure Flame
  1215 | D:2      | Found a shimmering altar of Xom.
  1270 | D:2      | Found Ystretui's Distillery.
  1396 | D:2      | Reached skill level 1 in Short Blades
  1732 | D:2      | Reached XP level 4. HP: 20/24 MP: 5/8
  2364 | D:3      | Noticed Grinder
  2381 | D:3      | Killed Grinder
  2382 | D:3      | Gained mutation: Your magical nature lets you fly swiftly
                  | and evasively. [Tengu growth]
  2382 | D:3      | Reached XP level 5. HP: 22/28 MP: 0/10
  2382 | D:3      | Reached XP level 6. HP: 25/32 MP: 0/11
  2754 | D:3      | Identified the +1 leather armour of Happiness {rPois rF+
                  | rC+ Dex-3}
  2781 | D:3      | Noticed Sigmund
  2786 | D:3      | Killed Sigmund
  2787 | D:3      | Reached skill level 5 in Fire Magic
  2994 | D:3      | Reached XP level 7. HP: 36/36 MP: 10/13
  3147 | D:4      | Noticed Pargi
  3221 | D:4      | Noticed Robin
  3227 | D:4      | Reached skill level 5 in Conjurations
  3234 | D:4      | Killed Robin
  3282 | D:4      | Killed Pargi
  3315 | D:4      | Found a glowing drain.
  3339 | Sewer    | Entered a sewer
  4044 | D:4      | Reached XP level 8. HP: 41/41 MP: 13/15
  4371 | D:4      | Noticed Duvessa
  4371 | D:4      | Noticed Dowan
  4388 | D:5      | Entered Level 5 of the Dungeon
  4388 | D:5      | Found Sooc's Mass Market.
  4601 | D:5      | Noticed Prince Ribbit
  4606 | D:5      | Noticed Pikel
  4612 | D:5      | Slain by Pikel

Illustrated notes

Levels and vault maps discovered:
D:1:      shiori_arrival_oz, layout_rooms,
          shapermc_ecumenical_altar_mp_vishouse, chequers_serial_rivers_micro_d
D:2:      layout_loops_ring, basic_altar, serial_shops,
          nicolae_shop_advertising_works [nicolae_subvault_shop_adworks],
          lexackson_kobold_supper
D:3:      layout_loops_ring, serial_glass, glass_columns_a, glass_columns_a,
          minmay_quantized, uniq_sigmund, uniq_grinder
D:4:      layout_basic, gup_sewer_entry_pipe, kennysheep_generic_room_4,
          uniq_robin, uniq_pargi, uniq_duvessa, uniq_menkaure
D:5:      layout_basic, minmay_temple_entry_crystal_x, minmay_shop_mass,
          amethyst_killhole, uniq_pikel, uniq_edmund, uniq_prince_ribbit1

Skill      XL: |  1  2  3  4  5  6  7  8 |
---------------+-------------------------+-----
Conjurations   | 2 4 5 6 |  6.3
Short Blades   | 1 2 3 4 |  4.7
Fire Magic     | 4 5 6 |  6.2
Spellcasting   | 3 4 |  4.7
Dodging        | |  2.1
Stealth        | |  2.0

Action                   |  1- 3 |  4- 6 |  7- 9 || total
-------------------------+-------+-------+-------++-------
Melee: Short sword       |    25 |     8 |    12 ||    45
       Kick              |     2 |     3 |     4 ||     9
       Peck              |     2 |     1 |     3 ||     6
       Punch             |       |       |     1 ||     1
 Cast: Foxfire           |    39 |    20 |   106 ||   165
       Scorch            |     4 |     9 |    15 ||    28
 Stab: Sleeping          |     3 |       |       ||     3
Armor: Robe              |    10 |     5 |     6 ||    21
       Ring mail         |       |       |    23 ||    23
Dodge: Dodged            |    34 |    22 |    28 ||    84

Table legend: (Time is in decaauts)
 A = Elapsed time spent in this place.
 B = Non-inter-level travel time spent in this place.
 C = Inter-level travel time spent in this place.
 D = Time resting spent in this place.
 E = Time spent auto-exploring this place.
 F = Levels seen in this place.
 G = Mean time per level.
                   A        B        C        D        E       F      G
               +--------+--------+--------+--------+--------+-----+--------+
         Total |   4491 |   4406 |     85 |   1455 |   1382 |   6 |  748.5 |
       Dungeon |   4135 |   4050 |     85 |   1379 |   1371 |   5 |  827.0 |
         Sewer |    356 |    356 |      0 |     76 |     10 |   1 |  356.0 |
               +--------+--------+--------+--------+--------+-----+--------+

Top non-repeatable levels by time:
     D:1: 1195 daAuts
     D:3: 1006 daAuts
     D:4: 976 daAuts
     D:2: 888 daAuts
   Sewer: 356 daAuts
     D:5: 68 daAuts
